 Dungeon Crawl Stone Soup version 0.24.0-125-gc4c63601f3 (webtiles) character file.

Game seed: 15416482922100864052, levelgen mode: deterministic

37 CollectiveS the Charmwright (level 3, -1/28 HPs)
             Began as a Barachi Skald on Mar 9, 2020.
             Succumbed to Jessica's poison
             ... on level 2 of the Dungeon on Mar 10, 2020.
             The game lasted 00:20:51 (2023 turns).

CollectiveS the Charmwright (Barachi Skald)         Turns: 2023, Time: 00:20:52

Health: -1/28      AC:  5    Str: 13    XL:     3   Next: 41%
Magic:  6/6        EV: 11    Int: 13    God:
Gold:   135        SH:  0    Dex: 11    Spells: 5/6 levels left

rFire    . . .     SeeInvis .   a - +0 falchion
rCold    . . .     Gourm    .   (no shield)
rNeg     . . .     Faith    .   c - +0 ring mail
rPois    .         Spirit   .   (no helmet)
rElec    .         Reflect  .   (no cloak)
rCorr    .         Harm     .   (no gloves)
MR       .....                  (no boots)
Stlth    +.........             (no amulet)
HPRegen  0.09/turn              (no ring)
MPRegen  0.10/turn              (no ring)

@: lethally poisoned (-1 -> -52), slow
A: +LOS, swims, slowness 1, strong legs 1
a: Hop


You were on level 2 of the Dungeon.
You were not hungry.

You visited 1 branch of the dungeon, and saw 2 of its levels.

You collected 135 gold pieces.

Inventory:

Hand Weapons
 a - a +0 falchion (weapon)
 j - a +0 dagger of venom
 m - a +2 hand axe of chopping
Armour
 b - a +0 leather armour
 c - a +0 ring mail (worn)
Scrolls
 g - 4 scrolls of teleportation {unknown}
 h - 4 scrolls of remove curse {unknown}
 i - a scroll of enchant weapon {unknown}
 n - a scroll of identify {unknown}
 o - a scroll of enchant armour {unknown}
 p - a scroll of fear {unknown}
Potions
 e - a potion of cancellation {unknown}
 f - a potion of degeneration {unknown}
 l - 2 potions of flight {unknown}
Comestibles
 d - 3 rations
 k - 3 chunks of flesh


   Skills:
 - Level 2.4 Fighting
 + Level 3.0 Long Blades
 + Level 1.7 Armour
 - Level 2.1 Dodging
 + Level 2.4 Spellcasting
 * Level 4.2 Charms


You had 5 spell levels left.
You knew the following spells:

 Your Spells              Type           Power        Failure   Level  Hunger
a - Infusion              Chrm           ##..         10%         1    #......

Your spell library contained the following spells:

 Spells                   Type           Power        Failure   Level  Hunger
 Song of Slaying          Chrm           ##......     14%         2    ###....
 Shroud of Golubria       Chrm/Tloc      #.....       32%         2    ###....
 Regeneration             Chrm/Necr      #.........   54%         3    ###....
 Spectral Weapon          Hex/Chrm       #.......     54%         3    ###....


Dungeon Overview and Level Annotations

Branches:
Dungeon (2/15)

Altars:
Gozag
Zin

Annotations:
D:2 Jessica


Innate Abilities, Weirdness & Mutations

Shadows flee at your approach. (+LOS)
You can swim through water.
You cover ground slowly.
You can hop short distances.


Message History

You are more poisoned.
You hit Jessica but do no damage.
Jessica is almost dead.
* * * LOW HITPOINT WARNING * * *
You feel very sick.
Jessica hits you with a +0 dagger of venom.
* * * LOW HITPOINT WARNING * * *
You are more poisoned.
Jessica hits you but does no damage.
You barely miss Jessica.
Jessica is severely wounded.
* * * LOW HITPOINT WARNING * * *
You feel very sick. Jessica hits you but does no damage.
You are more poisoned.
Jessica hits you but does no damage.
You are more poisoned.
You closely miss Jessica.
Jessica is severely wounded.
You die...

.....#.# #......###.#
.....#.#######
#####......# #.#
.....#..r..r.#
#...'......# #.#
############.#
#.###......# #.# #.#
#.# #......###.#
#r#####.# #........÷.#
#...rg#.###.#######...
#####@#.....# #.#.
#@#############.#.
#.#............)#.
#.#.##############
#.#...........# ##
#.#.÷.........###.
#.##..............
#.##..........#..'
#.#####.########.. #.#
#.# ##.


You could see Jessica, a hobgoblin and a rat.

Vanquished Creatures
  A dart slug (D:1)
  2 leopard geckos
  An orc (D:2)
  A ball python (D:2)
  2 giant cockroaches (D:1)
  4 hobgoblins
  4 jackals (D:1)
  2 kobolds (D:1)
  A bat (D:1)
  4 frilled lizards (D:1)
  4 goblins
  4 rats
30 creatures vanquished.

Notes
Turn   | Place    | Note
-------+----------+-------------------------------------------
     0 | D:1      | CollectiveS the Barachi Skald began the quest for the Orb.
     0 | D:1      | Reached XP level 1. HP: 17/17 MP: 3/3
   480 | D:1      | Reached XP level 2. HP: 23/23 MP: 5/5
   594 | D:1      | Reached skill level 4 in Charms
  1077 | D:1      | Reached XP level 3. HP: 28/28 MP: 6/6
  1813 | D:2      | Found a glowing silver altar of Zin.
  1814 | D:2      | Found an opulent altar of Gozag.
  1993 | D:2      | Noticed Jessica
  2023 | D:2      | Succumbed to Jessica's poison

Levels and vault maps discovered:
D:1:      dpeg_arrival_solitude, layout_basic, minmay_misc_feat_plants
D:2:      layout_basic, grunt_temple_overflow_gold_and_silver,
          grunt_decor_arrowhead, uniq_jessica

Skill      XL: |  1  2  3 |
---------------+----------+-----
Charms         | 4 |  4.2
Long Blades    | 3 |  3.0
Fighting       | |  2.4
Armour         | |  1.7
Dodging        | |  2.1
Spellcasting   | |  2.4

Action                   || total
-------------------------++-------
Melee: Falchion          ||   123
  Eat: Chunk             ||     4
Armor: Ring mail         ||    48
Dodge: Dodged            ||    81
       Rpst.: Falchion   ||    22
